[ AOE2 MATCH · #480174904 ]
UnrankedChinese vs Japanese
[ REPLAY ANALYSIS · EXTRACTED FROM THE RECORDED GAME ]
Feudal
7:21
Castle
10:06
Imperial
25:05
| APM avg | 13.7 |
| APM peak | 35 |
| eAPM avg | 12.6 |
| Villagers / military | 229 / 0 |
Focus
⚔️ 54.4% · 🌾 45.6%
Unknown (5245) ×1157 · Unknown (7377) ×170 · Unknown (7134) ×14 · Unknown (3645) ×4 · Unknown (3640) ×2 · Unknown (3642) ×1
Feudal
7:50
Castle
10:46
Imperial
24:27
| APM avg | 30.2 |
| APM peak | 71 |
| eAPM avg | 26.4 |
| Villagers / military | 259 / 1 |
Focus
⚔️ 52.0% · 🌾 48.0%
Unknown (7355) ×1188 · Unknown (7377) ×165 · Unknown (3642) ×6 · Unknown (3646) ×3 · Unknown (3641) ×2 · Unknown (3659) ×2
Feudal
6:26
Castle
10:01
Imperial
25:16
| APM avg | 19.7 |
| APM peak | 75 |
| eAPM avg | 15.3 |
| Villagers / military | 251 / 2 |
Focus
⚔️ 39.7% · 🌾 60.3%
Unknown (7585) ×1113 · Trade Cart ×141 · Unknown (7376) ×40 · Unknown (5307) ×10 · Unknown (7329) ×9 · Unknown (3642) ×5
Feudal
7:46
Castle
13:30
Imperial
25:53
| APM avg | 12.1 |
| APM peak | 34 |
| eAPM avg | 11.1 |
| Villagers / military | 133 / 896 |
Focus
⚔️ 56.7% · 🌾 43.3%
Battle Elephant ×440 · Rattan Archer ×352 · Unknown (3852) ×307 · Unknown (5242) ×125 · Skirmisher ×98 · Unknown (3344) ×74
Feudal
8:49
Castle
16:06
Imperial
25:00
| APM avg | 10.6 |
| APM peak | 61 |
| eAPM avg | 9.3 |
| Villagers / military | 181 / 0 |
Focus
⚔️ 41.5% · 🌾 58.5%
Unknown (7361) ×963 · Unknown (7377) ×136 · Unknown (7329) ×20 · Unknown (5271) ×12 · Unknown (7319) ×8 · Unknown (7320) ×6
Feudal
—
Castle
—
Imperial
—
| APM avg | 1496.4 |
| APM peak | 2872 |
| eAPM avg | 1492.2 |
| Villagers / military | 0 / 4654 |
Focus
⚔️ 58.1% · 🌾 41.9%
Magyar Huszar ×1141 · Knight ×1139 · Cavalry Archer ×1136 · Spearman ×631 · Battering Ram ×318 · Trebuchet (Packed) ×252
Feudal
—
Castle
—
Imperial
—
| APM avg | 1275.0 |
| APM peak | 2898 |
| eAPM avg | 1269.0 |
| Villagers / military | 0 / 4086 |
Focus
⚔️ 62.7% · 🌾 37.3%
Eagle Scout ×1056 · Eagle Warrior ×1056 · Militia ×1054 · Mangonel ×401 · Spearman ×211 · Trebuchet (Packed) ×210
Feudal
—
Castle
—
Imperial
—
| APM avg | 1386.1 |
| APM peak | 2394 |
| eAPM avg | 1380.8 |
| Villagers / military | 0 / 2013 |
Focus
⚔️ 52.7% · 🌾 47.3%
Samurai ×1389 · Battering Ram ×246 · Trebuchet (Packed) ×167 · Spearman ×163 · Monk ×38 · Cavalry Archer ×8
Match map
Initial resources + every placement click. Lines = walls · curves = elevation contours. ◆ gold · ⬟ stone · ● berries · ✦ relic · ◌ wall gap
Your base· ✓ Map-separated
Gorton Eising's base· ✓ Map-separated
Glory's base· ✓ Map-separated
Rebar's base· ✓ Map-separated
Onnozel Trien's base· ✓ Map-separated
's base· ✓ Map-separated
's base· ✓ Map-separated
's base· ✓ Map-separated
Smoothed initial terrain · ◌ = detected wall gap · hover for details
Inputs per minute
— ξ Draconis - - Gorton Eising
Build order — ξ Draconis
First 150 of 850 actions detected
| 0:31 | Create | Villager (Male) |
| 0:32 | Create | Villager (Male) |
| 0:32 | Create | Villager (Male) |
| 0:54 | Build | Building 7341 |
| 1:05 | Create | Villager (Male) |
| 1:05 | Create | Villager (Male) |
| 1:26 | Create | Villager (Male) |
| 1:27 | Create | Villager (Male) |
| 1:45 | Research | Tech 4136 |
| 1:46 | Research | Tech 4129 |
| 2:36 | Create | Villager (Male) |
| 2:36 | Create | Villager (Male) |
| 2:36 | Create | Villager (Male) |
| 2:37 | Create | Villager (Male) |
| 2:42 | Build | Lumber Camp |
| 3:19 | Create | Villager (Male) |
| 3:19 | Create | Villager (Male) |
| 3:19 | Create | Villager (Male) |
| 3:20 | Create | Villager (Male) |
| 3:50 | Build | Mining Camp |
| 4:48 | Build | Mining Camp |
| 4:58 | Research | Feudal Age |
| 4:58 | Create | Villager (Male) |
| 5:44 | Build | Mill |
| 5:49 | Research | Tech 4130 |
| 7:21 | Age | Feudal Age |
| 7:22 | Build | Blacksmith |
| 7:44 | Research | Castle Age |
| 8:02 | Research | Double-Bit Axe |
| 8:05 | Research | Horse Collar |
| 8:33 | Create | Villager (Male) |
| 10:06 | Age | Castle Age |
| 10:08 | Research | Bow Saw |
| 10:09 | Research | Heavy Plow |
| 10:12 | Create | Villager (Male) |
| 10:12 | Create | Villager (Male) |
| 10:21 | Build | Town Center |
| 10:26 | Create | Villager (Male) |
| 10:26 | Create | Villager (Male) |
| 10:27 | Create | Villager (Male) |
| 10:45 | Build | Town Center |
| 12:09 | Build | Town Center |
| 12:25 | Create | Villager (Male) |
| 12:25 | Create | Villager (Male) |
| 12:25 | Create | Villager (Male) |
| 12:26 | Create | Villager (Male) |
| 12:26 | Create | Villager (Male) |
| 12:26 | Create | Villager (Male) |
| 12:33 | Create | Villager (Male) |
| 12:42 | Build | Farm |
| 12:50 | Build | Farm |
| 12:54 | Build | Farm |
| 12:56 | Create | Villager (Male) |
| 13:09 | Build | Farm |
| 13:15 | Create | Villager (Male) |
| 13:15 | Create | Villager (Male) |
| 13:20 | Build | Farm |
| 13:23 | Build | Farm |
| 13:30 | Build | Farm |
| 13:39 | Build | Farm |
| 13:40 | Create | Villager (Male) |
| 13:41 | Create | Villager (Male) |
| 13:47 | Build | Farm |
| 14:04 | Build | Monastery |
| 14:08 | Create | Villager (Male) |
| 14:08 | Create | Villager (Male) |
| 14:12 | Build | House |
| 14:14 | Build | House |
| 14:15 | Build | House |
| 14:16 | Build | House |
| 14:18 | Create | Villager (Male) |
| 14:25 | Create | Villager (Male) |
| 14:28 | Build | Farm |
| 14:30 | Build | Farm |
| 14:36 | Create | Villager (Male) |
| 14:40 | Build | Farm |
| 14:42 | Build | Farm |
| 14:47 | Build | Farm |
| 14:51 | Create | Villager (Male) |
| 14:52 | Create | Villager (Male) |
| 14:59 | Build | Farm |
| 15:04 | Create | Villager (Male) |
| 15:05 | Create | Villager (Male) |
| 15:05 | Create | Villager (Male) |
| 15:09 | Create | Villager (Male) |
| 15:09 | Create | Villager (Male) |
| 15:16 | Build | Farm |
| 15:18 | Build | Farm |
| 15:23 | Build | Farm |
| 15:26 | Create | Villager (Male) |
| 15:27 | Create | Villager (Male) |
| 15:27 | Create | Villager (Male) |
| 15:31 | Build | Farm |
| 15:31 | Build | Farm |
| 15:33 | Build | Farm |
| 15:35 | Build | Farm |
| 15:38 | Build | Farm |
| 15:42 | Build | Farm |
| 15:49 | Build | Farm |
| 15:52 | Create | Villager (Male) |
| 15:52 | Create | Villager (Male) |
| 15:52 | Create | Villager (Male) |
| 15:53 | Create | Villager (Male) |
| 15:56 | Build | Farm |
| 16:00 | Build | Farm |
| 16:04 | Create | Villager (Male) |
| 16:05 | Create | Villager (Male) |
| 16:05 | Create | Villager (Male) |
| 16:05 | Create | Villager (Male) |
| 16:25 | Build | Town Center |
| 16:29 | Create | Villager (Male) |
| 16:29 | Create | Villager (Male) |
| 16:29 | Create | Villager (Male) |
| 16:30 | Create | Villager (Male) |
| 16:30 | Create | Villager (Male) |
| 16:34 | Build | Farm |
| 16:43 | Build | Farm |
| 16:45 | Create | Villager (Male) |
| 16:45 | Create | Villager (Male) |
| 16:45 | Create | Villager (Male) |
| 16:46 | Create | Villager (Male) |
| 16:48 | Build | Farm |
| 16:56 | Build | Farm |
| 16:58 | Create | Villager (Male) |
| 16:58 | Create | Villager (Male) |
| 16:58 | Create | Villager (Male) |
| 16:59 | Create | Villager (Male) |
| 17:11 | Build | Mining Camp |
| 17:15 | Create | Villager (Male) |
| 17:15 | Create | Villager (Male) |
| 17:15 | Create | Villager (Male) |
| 17:16 | Create | Villager (Male) |
| 17:22 | Build | Mining Camp |
| 17:26 | Create | Villager (Male) |
| 17:26 | Create | Villager (Male) |
| 17:38 | Research | Stone Mining |
| 17:41 | Create | Villager (Male) |
| 17:41 | Create | Villager (Male) |
| 17:41 | Create | Villager (Male) |
| 18:11 | Research | Wheelbarrow |
| 18:11 | Research | Loom |
| 18:12 | Research | Town Watch |
| 18:13 | Create | Villager (Male) |
| 18:14 | Create | Villager (Male) |
| 18:14 | Create | Villager (Male) |
| 18:22 | Research | Stone Shaft Mining |
| 18:27 | Research | Gold Mining |
| 18:29 | Create | Villager (Male) |
| 18:32 | Create | Villager (Male) |
| 18:45 | Build | Mill |
Build order — Gorton Eising
First 150 of 1547 actions detected
| 0:10 | Create | Villager (Male) ×5 |
| 0:58 | Create | Villager (Male) |
| 1:15 | Create | Villager (Male) |
| 1:19 | Build | Lumber Camp |
| 1:26 | Build | Lumber Camp |
| 2:06 | Create | Villager (Male) |
| 2:36 | Create | Villager (Male) |
| 2:55 | Create | Villager (Male) |
| 3:00 | Create | Villager (Male) |
| 3:17 | Create | Villager (Male) |
| 3:37 | Create | Villager (Male) |
| 4:52 | Build | Mining Camp |
| 5:30 | Create | Villager (Male) |
| 5:41 | Research | Feudal Age |
| 5:55 | Create | Villager (Male) |
| 5:55 | Create | Villager (Male) |
| 6:02 | Build | House |
| 7:11 | Build | Mill |
| 7:50 | Age | Feudal Age |
| 7:51 | Build | Blacksmith |
| 7:53 | Build | Market |
| 8:39 | Research | Castle Age |
| 8:51 | Research | Double-Bit Axe |
| 9:27 | Research | Horse Collar |
| 10:34 | Create | Villager (Male) |
| 10:34 | Create | Villager (Male) |
| 10:34 | Create | Villager (Male) |
| 10:39 | Build | House |
| 10:40 | Build | House |
| 10:41 | Build | House |
| 10:46 | Age | Castle Age |
| 10:48 | Build | Town Center |
| 10:54 | Build | Town Center |
| 11:10 | Create | Villager (Male) |
| 11:15 | Build | Monastery |
| 11:43 | Create | Villager (Male) |
| 11:56 | Create | Monk |
| 12:03 | Create | Villager (Male) |
| 12:24 | Create | Villager (Male) |
| 12:32 | Build | Lumber Camp |
| 12:36 | Create | Villager (Male) |
| 12:37 | Create | Villager (Male) |
| 12:46 | Create | Villager (Male) |
| 12:46 | Create | Villager (Male) |
| 12:49 | Build | Farm |
| 12:49 | Build | Farm |
| 13:07 | Create | Villager (Male) |
| 13:08 | Create | Villager (Male) |
| 13:14 | Build | Farm |
| 13:16 | Build | Farm |
| 13:18 | Create | Villager (Male) |
| 13:23 | Build | Farm |
| 13:39 | Create | Villager (Male) |
| 13:39 | Create | Villager (Male) |
| 13:40 | Create | Villager (Male) |
| 13:43 | Build | Farm |
| 13:43 | Build | Farm |
| 13:48 | Build | Farm |
| 13:50 | Create | Villager (Male) |
| 13:53 | Build | Farm |
| 14:00 | Build | Farm |
| 14:03 | Create | Villager (Male) |
| 14:03 | Create | Villager (Male) |
| 14:03 | Create | Villager (Male) |
| 14:14 | Create | Villager (Male) |
| 14:14 | Create | Villager (Male) |
| 14:28 | Create | Villager (Male) |
| 14:28 | Create | Villager (Male) |
| 14:37 | Create | Villager (Male) |
| 14:37 | Create | Villager (Male) |
| 14:40 | Build | Farm |
| 14:41 | Build | Farm |
| 14:42 | Build | Farm |
| 14:52 | Create | Villager (Male) |
| 14:53 | Create | Villager (Male) |
| 14:55 | Build | Farm |
| 14:56 | Build | Farm |
| 15:00 | Create | Villager (Male) |
| 15:01 | Create | Villager (Male) |
| 15:05 | Build | Mining Camp |
| 15:18 | Create | Villager (Male) |
| 15:18 | Create | Villager (Male) |
| 15:19 | Create | Villager (Male) |
| 15:26 | Build | House |
| 15:26 | Build | House |
| 15:27 | Build | House |
| 15:30 | Build | House |
| 15:36 | Research | Wheelbarrow |
| 15:36 | Research | Wheelbarrow |
| 15:40 | Build | Farm |
| 15:46 | Build | Farm |
| 15:47 | Create | Villager (Male) |
| 15:47 | Create | Villager (Male) |
| 15:51 | Build | Mill |
| 15:52 | Build | Farm |
| 15:52 | Build | Farm |
| 15:52 | Build | Farm |
| 15:53 | Build | Farm |
| 15:53 | Build | Farm |
| 15:53 | Build | Farm |
| 15:53 | Build | Farm |
| 15:54 | Build | Farm |
| 15:56 | Create | Villager (Male) |
| 15:56 | Create | Villager (Male) |
| 16:03 | Create | Villager (Male) |
| 16:13 | Create | Villager (Male) |
| 16:13 | Create | Villager (Male) |
| 16:32 | Create | Villager (Male) |
| 16:32 | Create | Villager (Male) |
| 16:38 | Build | Town Center |
| 16:46 | Build | Town Center |
| 16:53 | Create | Villager (Male) |
| 16:53 | Create | Villager (Male) |
| 16:55 | Build | Farm |
| 16:57 | Build | Farm |
| 16:59 | Create | Villager (Male) |
| 17:06 | Build | Farm |
| 17:15 | Create | Villager (Male) |
| 17:15 | Create | Villager (Male) |
| 17:17 | Build | House |
| 17:17 | Build | House |
| 17:18 | Build | House |
| 17:19 | Build | House |
| 17:29 | Create | Villager (Male) |
| 17:29 | Create | Villager (Male) |
| 17:29 | Create | Villager (Male) |
| 17:49 | Create | Villager (Male) |
| 17:49 | Create | Villager (Male) |
| 17:49 | Create | Villager (Male) |
| 17:49 | Create | Villager (Male) |
| 17:52 | Build | Farm |
| 17:52 | Build | Farm |
| 18:13 | Create | Villager (Male) |
| 18:16 | Build | Town Center |
| 18:31 | Create | Villager (Male) |
| 18:32 | Create | Villager (Male) |
| 18:32 | Create | Villager (Male) |
| 18:32 | Create | Villager (Male) |
| 18:38 | Build | Mill |
| 18:39 | Build | Farm |
| 18:39 | Build | Farm |
| 18:39 | Build | Farm |
| 18:39 | Build | Farm |
| 18:39 | Build | Farm |
| 18:40 | Build | Farm |
| 18:40 | Build | Farm |
| 18:40 | Build | Farm |
| 18:43 | Create | Villager (Male) |
| 18:43 | Create | Villager (Male) |
| 18:50 | Build | Farm |
Build order — Glory
First 150 of 912 actions detected
| 0:01 | Create | Villager (Male) |
| 0:01 | Create | Villager (Male) |
| 0:01 | Create | Villager (Male) |
| 0:02 | Create | Villager (Male) |
| 0:02 | Create | Villager (Male) |
| 0:09 | Build | Building 7341 |
| 0:36 | Create | Villager (Male) |
| 0:36 | Create | Villager (Male) |
| 0:36 | Create | Villager (Male) |
| 0:49 | Research | Tech 4136 |
| 0:49 | Research | Tech 4136 |
| 0:59 | Create | Villager (Male) |
| 1:56 | Build | Lumber Camp |
| 2:13 | Create | Villager (Male) |
| 2:13 | Create | Villager (Male) |
| 2:14 | Create | Villager (Male) |
| 2:14 | Create | Villager (Male) |
| 3:04 | Build | Mill |
| 3:12 | Create | Villager (Male) |
| 4:03 | Research | Feudal Age |
| 4:04 | Research | Feudal Age |
| 4:39 | Build | Mining Camp |
| 4:49 | Create | Villager (Male) |
| 4:59 | Create | Villager (Male) |
| 4:59 | Create | Villager (Male) |
| 6:26 | Age | Feudal Age |
| 6:29 | Build | Market |
| 7:21 | Research | Castle Age |
| 7:22 | Research | Castle Age |
| 7:32 | Research | Double-Bit Axe |
| 7:33 | Research | Double-Bit Axe |
| 7:47 | Build | House |
| 8:27 | Research | Horse Collar |
| 8:30 | Create | Villager (Male) |
| 8:56 | Create | Villager (Male) |
| 9:33 | Research | Tech 4129 |
| 10:01 | Age | Castle Age |
| 10:03 | Build | Monastery |
| 10:17 | Build | Town Center |
| 10:29 | Create | Villager (Male) |
| 10:36 | Build | House |
| 10:37 | Build | House |
| 10:41 | Create | Villager (Male) |
| 10:42 | Create | Monk |
| 10:56 | Research | Loom |
| 11:05 | Research | Bow Saw |
| 11:05 | Research | Bow Saw |
| 11:06 | Create | Villager (Male) |
| 11:06 | Create | Villager (Male) |
| 11:10 | Create | Villager (Male) |
| 11:22 | Build | House |
| 11:40 | Create | Villager (Male) |
| 11:40 | Create | Villager (Male) |
| 11:47 | Create | Villager (Male) |
| 12:20 | Build | Town Center |
| 12:23 | Create | Villager (Male) |
| 12:40 | Create | Villager (Male) |
| 12:51 | Create | Villager (Male) |
| 12:57 | Create | Villager (Male) |
| 13:09 | Create | Villager (Male) |
| 13:14 | Build | Town Center |
| 13:27 | Build | Town Center |
| 13:32 | Research | Heavy Plow |
| 13:33 | Create | Villager (Male) |
| 13:33 | Create | Villager (Male) |
| 13:46 | Create | Villager (Male) |
| 13:54 | Build | Farm |
| 13:54 | Build | Farm |
| 13:54 | Build | Farm |
| 13:54 | Build | Farm |
| 13:55 | Build | Farm |
| 13:55 | Build | Farm |
| 13:56 | Build | Farm |
| 13:56 | Build | Farm |
| 13:56 | Build | Farm |
| 13:57 | Create | Villager (Male) ×2 |
| 14:03 | Build | House |
| 14:05 | Build | House |
| 14:06 | Build | House |
| 14:11 | Create | Villager (Male) |
| 14:18 | Build | Farm |
| 14:18 | Build | Farm |
| 14:18 | Build | Farm |
| 14:19 | Build | Farm |
| 14:19 | Build | Farm |
| 14:19 | Build | Farm |
| 14:19 | Build | Farm |
| 14:20 | Build | Farm |
| 14:26 | Create | Villager (Male) ×3 |
| 14:39 | Build | Farm |
| 14:39 | Build | Farm |
| 14:40 | Build | Farm |
| 14:40 | Build | Farm |
| 14:40 | Build | Farm |
| 14:53 | Build | Farm |
| 14:54 | Build | Farm |
| 14:54 | Build | Farm |
| 14:55 | Build | Farm |
| 15:12 | Build | Farm |
| 15:12 | Build | Farm |
| 15:12 | Build | Farm |
| 15:12 | Build | Farm |
| 15:13 | Build | Farm |
| 15:13 | Build | Farm |
| 15:16 | Create | Villager (Male) ×3 |
| 15:32 | Build | Farm |
| 15:32 | Build | Farm |
| 15:33 | Build | Farm |
| 15:33 | Build | Farm |
| 15:37 | Create | Villager (Male) |
| 15:37 | Create | Villager (Male) |
| 15:37 | Create | Villager (Male) |
| 15:37 | Create | Villager (Male) |
| 15:47 | Build | House |
| 15:50 | Build | House |
| 15:50 | Build | House |
| 15:51 | Create | Villager (Male) |
| 15:51 | Create | Villager (Male) |
| 15:54 | Build | Farm |
| 15:54 | Build | Farm |
| 15:55 | Build | Farm |
| 15:55 | Build | Farm |
| 15:55 | Build | Farm |
| 15:55 | Build | Farm |
| 15:56 | Build | Farm |
| 15:56 | Build | Farm |
| 15:56 | Build | Farm |
| 15:57 | Create | Villager (Male) |
| 15:58 | Create | Villager (Male) |
| 16:09 | Create | Villager (Male) |
| 16:09 | Create | Villager (Male) |
| 16:11 | Build | Farm |
| 16:11 | Build | Farm |
| 16:12 | Build | Farm |
| 16:16 | Create | Villager (Male) |
| 16:16 | Create | Villager (Male) |
| 16:16 | Create | Villager (Male) |
| 16:21 | Create | Villager (Male) |
| 16:21 | Create | Villager (Male) |
| 16:21 | Create | Villager (Male) |
| 16:34 | Build | Market |
| 16:47 | Create | Villager (Male) ×3 |
| 16:48 | Create | Villager (Male) ×3 |
| 16:48 | Create | Villager (Male) ×3 |
| 16:50 | Build | Farm |
| 16:50 | Build | Farm |
| 16:51 | Build | Farm |
| 16:51 | Build | Farm |
| 16:51 | Build | Farm |
| 16:52 | Build | Farm |
Build order — Rebar
First 150 of 764 actions detected
| 0:02 | Create | Villager (Male) |
| 0:02 | Create | Villager (Male) |
| 0:02 | Create | Villager (Male) |
| 0:03 | Create | Villager (Male) |
| 0:08 | Build | House |
| 0:09 | Build | House |
| 0:47 | Build | Mill |
| 1:21 | Create | Villager (Male) |
| 1:52 | Create | Villager (Male) |
| 2:29 | Create | Villager (Male) |
| 2:57 | Create | Villager (Male) |
| 3:10 | Create | Villager (Male) |
| 3:36 | Create | Villager (Male) |
| 4:14 | Create | Villager (Male) |
| 4:24 | Build | Lumber Camp |
| 4:41 | Create | Villager (Male) |
| 4:59 | Research | Loom |
| 5:02 | Create | Villager (Male) |
| 5:41 | Research | Feudal Age |
| 7:19 | Build | House |
| 7:20 | Build | House |
| 7:26 | Build | House |
| 7:31 | Build | Mining Camp |
| 7:40 | Create | Villager (Male) |
| 7:40 | Create | Villager (Male) |
| 7:46 | Age | Feudal Age |
| 8:37 | Create | Villager (Male) |
| 8:48 | Create | Villager (Male) |
| 8:59 | Build | Lumber Camp |
| 9:06 | Create | Villager (Male) |
| 9:22 | Build | Market |
| 9:32 | Build | Blacksmith |
| 11:10 | Research | Castle Age |
| 11:11 | Create | Villager (Male) |
| 11:20 | Research | Gold Mining |
| 11:22 | Research | Double-Bit Axe |
| 11:23 | Research | Horse Collar |
| 11:32 | Build | Farm |
| 11:33 | Build | Farm |
| 11:35 | Build | Farm |
| 11:37 | Build | Farm |
| 11:38 | Build | Farm |
| 11:39 | Build | Farm |
| 11:40 | Build | Farm |
| 11:59 | Build | Farm |
| 12:57 | Research | Stone Mining |
| 13:30 | Age | Castle Age |
| 13:38 | Create | Villager (Male) |
| 13:38 | Create | Villager (Male) |
| 13:46 | Build | Town Center |
| 13:53 | Build | Town Center |
| 14:20 | Build | Farm |
| 14:21 | Create | Villager (Male) |
| 14:36 | Build | House |
| 14:38 | Build | House |
| 14:39 | Build | House |
| 14:39 | Build | House |
| 14:41 | Build | House |
| 14:59 | Build | Monastery |
| 15:37 | Create | Villager (Male) |
| 15:38 | Create | Villager (Male) |
| 15:50 | Research | Bow Saw |
| 16:01 | Build | Farm |
| 16:02 | Build | Farm |
| 16:03 | Build | Farm |
| 16:03 | Build | Farm |
| 16:06 | Research | Heavy Plow |
| 16:11 | Create | Villager (Male) |
| 16:21 | Create | Villager (Male) |
| 16:25 | Research | Wheelbarrow |
| 16:31 | Build | Farm |
| 16:34 | Create | Villager (Male) |
| 16:42 | Build | Mining Camp |
| 16:47 | Create | Villager (Male) |
| 16:48 | Create | Villager (Male) |
| 17:15 | Research | Hand Cart |
| 17:16 | Create | Villager (Male) |
| 17:17 | Create | Villager (Male) |
| 17:49 | Research | Stone Shaft Mining |
| 17:54 | Create | Monk |
| 19:00 | Create | Villager (Male) |
| 19:05 | Create | Villager (Male) |
| 19:06 | Create | Villager (Male) |
| 19:07 | Create | Villager (Male) |
| 19:07 | Create | Villager (Male) |
| 19:09 | Create | Villager (Male) |
| 19:10 | Create | Villager (Male) |
| 19:16 | Build | Town Center |
| 19:21 | Create | Villager (Male) |
| 19:21 | Create | Villager (Male) |
| 19:36 | Build | Farm |
| 19:38 | Create | Villager (Male) |
| 19:41 | Create | Villager (Male) |
| 19:41 | Create | Villager (Male) |
| 20:11 | Create | Villager (Male) |
| 20:11 | Create | Villager (Male) |
| 20:18 | Build | Farm |
| 20:23 | Research | Fletching |
| 20:35 | Build | Farm |
| 20:36 | Build | Farm |
| 20:37 | Build | Farm |
| 20:41 | Build | Farm |
| 20:42 | Build | Farm |
| 20:43 | Build | Farm |
| 20:45 | Create | Villager (Male) |
| 20:56 | Build | Farm |
| 21:01 | Create | Villager (Male) |
| 21:02 | Create | Villager (Male) |
| 21:04 | Create | Villager (Male) |
| 21:39 | Build | Stone Wall |
| 21:42 | Build | Stone Wall |
| 21:49 | Build | Stone Wall |
| 21:58 | Build | Farm |
| 22:00 | Build | Farm |
| 22:13 | Build | Market |
| 22:15 | Build | Market |
| 22:22 | Build | University |
| 22:27 | Create | Villager (Male) |
| 22:28 | Create | Villager (Male) |
| 22:28 | Create | Villager (Male) |
| 22:35 | Build | Farm |
| 22:36 | Build | Farm |
| 22:39 | Build | Farm |
| 22:43 | Build | Farm |
| 22:44 | Build | Farm |
| 22:46 | Build | Farm |
| 22:49 | Build | Farm |
| 22:50 | Create | Villager (Male) |
| 22:54 | Create | Villager (Male) |
| 22:57 | Build | Farm |
| 23:02 | Create | Villager (Male) |
| 23:04 | Build | Farm |
| 23:06 | Create | Villager (Male) |
| 23:09 | Build | Farm |
| 23:13 | Research | Imperial Age |
| 23:28 | Research | Treadmill Crane |
| 23:47 | Build | Farm |
| 23:55 | Research | Bodkin Arrow |
| 23:56 | Research | Forging |
| 24:03 | Research | Fortified Wall (upgrade) |
| 24:42 | Research | Chatras |
| 24:49 | Research | Padded Archer Armor |
| 24:49 | Research | Scale Barding Armor |
| 25:01 | Build | Barracks |
| 25:13 | Research | Caravan |
| 25:28 | Build | Market |
| 25:34 | Build | Mining Camp |
| 25:37 | Research | Murder Holes |
| 25:38 | Research | Ballistics |
| 25:41 | Research | Iron Casting |
Build order — Onnozel Trien
First 150 of 670 actions detected
| 0:19 | Create | Villager (Male) |
| 0:20 | Create | Villager (Male) |
| 0:20 | Create | Villager (Male) |
| 0:21 | Create | Villager (Male) |
| 0:33 | Build | Mill |
| 0:39 | Build | Building 7341 |
| 1:52 | Create | Villager (Male) |
| 1:53 | Create | Villager (Male) |
| 1:53 | Create | Villager (Male) |
| 1:53 | Create | Villager (Male) |
| 2:16 | Research | Tech 4136 |
| 2:17 | Research | Tech 4130 |
| 2:18 | Research | Tech 4129 |
| 3:37 | Create | Villager (Male) |
| 3:37 | Create | Villager (Male) |
| 3:37 | Create | Villager (Male) |
| 3:48 | Build | Lumber Camp |
| 4:16 | Create | Villager (Male) |
| 4:16 | Create | Villager (Male) |
| 4:16 | Create | Villager (Male) |
| 4:59 | Create | Villager (Male) |
| 4:59 | Create | Villager (Male) |
| 6:47 | Build | Mining Camp |
| 6:59 | Research | Feudal Age |
| 7:36 | Build | House |
| 7:38 | Build | House |
| 7:39 | Build | House |
| 7:41 | Build | House |
| 7:42 | Build | House |
| 8:18 | Create | Villager (Male) |
| 8:49 | Age | Feudal Age |
| 8:53 | Create | Villager (Male) |
| 8:54 | Create | Villager (Male) |
| 8:54 | Create | Villager (Male) |
| 8:55 | Create | Villager (Male) |
| 8:55 | Create | Villager (Male) |
| 9:08 | Build | Market |
| 10:09 | Build | Blacksmith |
| 10:25 | Build | Mining Camp |
| 10:32 | Research | Double-Bit Axe |
| 10:37 | Research | Gold Mining |
| 10:38 | Research | Stone Mining |
| 11:16 | Build | Stone Wall |
| 11:33 | Create | Villager (Male) |
| 11:34 | Create | Villager (Male) |
| 11:34 | Create | Villager (Male) |
| 11:34 | Create | Villager (Male) |
| 11:34 | Create | Villager (Male) |
| 13:46 | Research | Castle Age |
| 15:47 | Create | Villager (Male) |
| 15:48 | Create | Villager (Male) |
| 15:48 | Create | Villager (Male) |
| 15:48 | Create | Villager (Male) |
| 15:48 | Create | Villager (Male) |
| 16:06 | Age | Castle Age |
| 16:26 | Build | Monastery |
| 16:38 | Research | Bow Saw |
| 17:02 | Build | Town Center |
| 18:25 | Create | Villager (Male) |
| 18:26 | Create | Villager (Male) |
| 18:26 | Create | Villager (Male) |
| 18:38 | Create | Villager (Male) |
| 18:38 | Create | Villager (Male) |
| 18:38 | Create | Villager (Male) |
| 19:11 | Build | Farm |
| 19:12 | Build | Farm |
| 19:13 | Build | Farm |
| 19:27 | Build | Town Center |
| 19:47 | Build | Farm |
| 19:49 | Build | Farm |
| 19:50 | Build | Farm |
| 19:51 | Build | Farm |
| 19:53 | Build | Farm |
| 19:54 | Build | Farm |
| 19:56 | Build | Farm |
| 19:57 | Build | Farm |
| 19:59 | Build | Farm |
| 20:09 | Build | Farm |
| 20:10 | Build | Farm |
| 20:33 | Build | Stone Wall |
| 20:47 | Build | University |
| 21:23 | Build | Farm |
| 22:00 | Build | Town Center |
| 22:20 | Research | Imperial Age |
| 22:43 | Build | Stone Wall |
| 22:54 | Build | Stone Wall |
| 23:00 | Build | Stone Wall |
| 23:20 | Research | Fortified Wall (upgrade) |
| 23:27 | Research | Wheelbarrow |
| 23:40 | Build | Farm |
| 23:41 | Build | Farm |
| 23:42 | Build | Farm |
| 23:46 | Build | Farm |
| 23:49 | Build | Farm |
| 23:50 | Build | Farm |
| 23:57 | Create | Villager (Male) |
| 23:58 | Create | Villager (Male) |
| 24:00 | Create | Villager (Male) |
| 24:00 | Create | Villager (Male) |
| 24:41 | Build | Market |
| 24:50 | Build | Market |
| 24:53 | Build | Market |
| 25:00 | Age | Imperial Age |
| 25:13 | Research | Tech 4127 |
| 25:14 | Research | Caravan |
| 25:15 | Research | Coinage |
| 25:34 | Create | Villager (Male) |
| 25:34 | Create | Villager (Male) |
| 25:34 | Create | Villager (Male) |
| 25:34 | Create | Villager (Male) |
| 25:49 | Build | Farm |
| 25:50 | Build | Farm |
| 25:55 | Create | Villager (Male) |
| 25:56 | Create | Villager (Male) |
| 25:56 | Create | Villager (Male) |
| 25:56 | Create | Villager (Male) |
| 26:45 | Build | Stone Wall |
| 27:14 | Research | Hand Cart |
| 27:18 | Research | Town Watch |
| 27:19 | Create | Villager (Male) ×5 |
| 27:19 | Create | Villager (Male) ×2 |
| 27:33 | Build | Farm |
| 27:35 | Build | Farm |
| 27:36 | Build | Farm |
| 27:38 | Build | Farm |
| 28:04 | Research | Tech 2069 |
| 28:38 | Create | Villager (Male) |
| 28:38 | Create | Villager (Male) |
| 28:38 | Create | Villager (Male) |
| 29:00 | Build | House |
| 29:01 | Build | House |
| 29:03 | Build | House |
| 29:06 | Build | House |
| 29:07 | Build | House |
| 29:09 | Build | House |
| 29:11 | Build | House |
| 29:12 | Build | House |
| 29:14 | Build | House |
| 29:16 | Build | House |
| 29:18 | Build | House |
| 29:20 | Build | House |
| 29:22 | Build | House |
| 29:24 | Build | House |
| 29:32 | Research | Tech 2260 |
| 29:40 | Create | Villager (Male) |
| 29:40 | Create | Villager (Male) |
| 30:16 | Build | Wonder |
| 30:30 | Build | Farm |
| 30:32 | Build | Farm |
| 30:38 | Build | Farm |
Build order —
First 150 of 5633 actions detected
| 0:01 | Build | Building 7341 |
| 0:01 | Build | Building 7341 |
| 0:26 | Research | Tech None |
| 0:41 | Build | Lumber Camp |
| 0:42 | Build | Lumber Camp |
| 0:43 | Build | Lumber Camp |
| 0:43 | Build | Lumber Camp |
| 0:44 | Build | Lumber Camp |
| 0:45 | Build | Lumber Camp |
| 0:45 | Build | Lumber Camp |
| 0:46 | Build | Lumber Camp |
| 0:47 | Build | Lumber Camp |
| 0:48 | Build | Lumber Camp |
| 0:48 | Build | Lumber Camp |
| 0:49 | Build | Lumber Camp |
| 0:50 | Build | Lumber Camp |
| 0:50 | Build | Lumber Camp |
| 0:51 | Build | Lumber Camp |
| 0:52 | Build | Lumber Camp |
| 0:53 | Build | Lumber Camp |
| 0:54 | Build | Lumber Camp |
| 0:55 | Build | Lumber Camp |
| 0:56 | Build | Lumber Camp |
| 0:57 | Build | Lumber Camp |
| 0:57 | Build | Lumber Camp |
| 0:58 | Build | Lumber Camp |
| 1:00 | Build | Lumber Camp |
| 1:01 | Build | Lumber Camp |
| 1:02 | Build | Lumber Camp |
| 1:03 | Build | Lumber Camp |
| 1:04 | Build | Lumber Camp |
| 1:04 | Build | Lumber Camp |
| 1:05 | Build | Lumber Camp |
| 1:06 | Build | Lumber Camp |
| 1:07 | Build | Lumber Camp |
| 1:07 | Build | Lumber Camp |
| 1:08 | Build | Lumber Camp |
| 1:09 | Build | Lumber Camp |
| 2:00 | Build | Mill |
| 2:37 | Research | Tech None |
| 2:37 | Research | Tech None |
| 2:37 | Build | Lumber Camp |
| 2:48 | Research | Tech None |
| 2:54 | Research | Tech None |
| 4:25 | Build | Mining Camp |
| 4:58 | Build | House |
| 4:59 | Build | Farm |
| 5:20 | Build | Farm |
| 5:57 | Build | Farm |
| 6:17 | Build | Farm |
| 6:21 | Research | Tech None |
| 6:23 | Build | House |
| 6:41 | Build | Barracks |
| 8:02 | Research | Tech None |
| 8:02 | Build | Archery Range |
| 8:02 | Research | Tech None |
| 8:02 | Build | Blacksmith |
| 8:02 | Research | Tech None |
| 8:03 | Research | Tech None |
| 8:11 | Build | Farm |
| 8:12 | Build | Farm |
| 8:23 | Build | Farm |
| 8:32 | Research | Tech None |
| 8:32 | Research | Tech None |
| 8:44 | Research | Tech None |
| 8:45 | Build | House |
| 10:50 | Research | Tech None |
| 10:50 | Research | Tech None |
| 10:50 | Research | Tech None |
| 10:50 | Research | Tech None |
| 10:50 | Research | Tech None |
| 10:50 | Build | Siege Workshop |
| 10:51 | Research | Tech None |
| 10:51 | Build | Siege Workshop |
| 10:52 | Build | Town Center |
| 11:34 | Build | Town Center |
| 11:34 | Research | Tech None |
| 11:34 | Build | House |
| 11:36 | Build | House |
| 11:42 | Build | Farm |
| 11:54 | Build | Farm |
| 12:19 | Build | Town Center |
| 12:34 | Build | Farm |
| 12:52 | Build | Farm |
| 12:52 | Build | Market |
| 13:09 | Build | Farm |
| 13:15 | Build | Farm |
| 13:26 | Build | Monastery |
| 13:32 | Build | Farm |
| 13:33 | Build | Farm |
| 13:40 | Build | Farm |
| 13:52 | Build | Farm |
| 13:54 | Research | Tech None |
| 13:54 | Build | Farm |
| 13:56 | Research | Tech None |
| 14:04 | Build | House |
| 14:04 | Build | House |
| 14:06 | Build | Farm |
| 14:10 | Build | Farm |
| 14:18 | Research | Tech None |
| 14:21 | Build | Farm |
| 14:29 | Build | Farm |
| 14:31 | Build | Farm |
| 14:33 | Build | Farm |
| 14:38 | Build | Farm |
| 14:46 | Build | Farm |
| 14:48 | Build | Farm |
| 14:49 | Build | House |
| 14:50 | Build | House |
| 14:52 | Build | Farm |
| 14:56 | Build | Farm |
| 14:59 | Build | Farm |
| 15:02 | Research | Tech None |
| 15:05 | Build | Farm |
| 15:08 | Build | Farm |
| 15:11 | Build | House |
| 15:12 | Build | Farm |
| 15:12 | Build | House |
| 15:20 | Build | Mining Camp |
| 15:21 | Build | Farm |
| 15:26 | Build | Lumber Camp |
| 15:32 | Build | Farm |
| 15:35 | Build | House |
| 15:37 | Build | Farm |
| 15:39 | Build | Market |
| 15:44 | Build | Farm |
| 15:44 | Build | Farm |
| 15:48 | Build | House |
| 15:54 | Build | Farm |
| 16:03 | Build | Farm |
| 16:04 | Build | Mill |
| 16:09 | Build | Market |
| 16:11 | Build | Farm |
| 16:15 | Research | Tech None |
| 16:16 | Research | Tech None |
| 16:16 | Research | Tech None |
| 16:25 | Build | House |
| 16:26 | Build | House |
| 16:30 | Research | Tech None |
| 16:45 | Build | House |
| 16:47 | Build | Market |
| 16:52 | Build | Market |
| 16:56 | Build | Farm |
| 16:56 | Build | House |
| 17:00 | Build | Castle |
| 17:06 | Build | Farm |
| 17:08 | Build | Mining Camp |
| 17:12 | Build | Farm |
| 17:13 | Build | House |
| 17:15 | Build | Farm |
Build order —
First 150 of 4926 actions detected
| 0:01 | Build | Building 7341 |
| 0:01 | Build | Building 7341 |
| 0:26 | Research | Tech None |
| 0:26 | Build | Mill |
| 0:30 | Build | Lumber Camp |
| 0:30 | Build | Lumber Camp |
| 0:31 | Build | Lumber Camp |
| 0:32 | Build | Lumber Camp |
| 0:33 | Build | Lumber Camp |
| 0:34 | Build | Lumber Camp |
| 0:34 | Build | Lumber Camp |
| 0:35 | Build | Lumber Camp |
| 0:36 | Build | Lumber Camp |
| 0:37 | Build | Lumber Camp |
| 0:38 | Build | Lumber Camp |
| 0:38 | Build | Lumber Camp |
| 0:39 | Build | Lumber Camp |
| 0:40 | Build | Lumber Camp |
| 0:40 | Build | Lumber Camp |
| 0:41 | Build | Lumber Camp |
| 0:42 | Build | Lumber Camp |
| 0:43 | Build | Lumber Camp |
| 0:43 | Build | Lumber Camp |
| 0:44 | Build | Lumber Camp |
| 0:44 | Build | Lumber Camp |
| 0:45 | Build | Lumber Camp |
| 0:46 | Build | Lumber Camp |
| 0:46 | Build | Lumber Camp |
| 0:47 | Build | Lumber Camp |
| 0:48 | Build | Lumber Camp |
| 0:49 | Build | Lumber Camp |
| 0:49 | Build | Lumber Camp |
| 0:50 | Build | Lumber Camp |
| 0:51 | Build | Lumber Camp |
| 0:52 | Build | Lumber Camp |
| 0:52 | Build | Lumber Camp |
| 0:53 | Build | Lumber Camp |
| 0:55 | Build | Lumber Camp |
| 0:55 | Build | Lumber Camp |
| 0:56 | Build | Lumber Camp |
| 0:56 | Build | Lumber Camp |
| 0:57 | Build | Lumber Camp |
| 0:57 | Build | Lumber Camp |
| 0:58 | Build | Lumber Camp |
| 0:58 | Build | Lumber Camp |
| 0:59 | Build | Lumber Camp |
| 1:00 | Build | Barracks |
| 1:14 | Build | Lumber Camp |
| 1:16 | Research | Tech None |
| 1:16 | Research | Tech None |
| 1:16 | Build | Lumber Camp |
| 1:29 | Build | Lumber Camp |
| 1:29 | Build | Lumber Camp |
| 1:56 | Research | Tech None |
| 1:56 | Research | Tech None |
| 1:59 | Research | Tech None |
| 2:08 | Build | House |
| 2:09 | Build | House |
| 2:21 | Research | Tech None |
| 2:21 | Build | House |
| 2:23 | Research | Tech None |
| 2:27 | Research | Tech None |
| 2:27 | Build | House |
| 2:29 | Research | Tech None |
| 2:30 | Build | House |
| 2:30 | Research | Tech None |
| 2:30 | Build | House |
| 2:30 | Build | Barracks |
| 2:31 | Build | Barracks |
| 2:35 | Research | Tech None |
| 2:40 | Research | Tech None |
| 2:40 | Build | Barracks |
| 2:44 | Build | Barracks |
| 2:51 | Research | Tech None |
| 3:20 | Research | Tech None |
| 3:20 | Build | Market |
| 3:20 | Research | Tech None |
| 3:20 | Build | Blacksmith |
| 3:21 | Research | Tech None |
| 3:21 | Build | Market |
| 3:21 | Build | Archery Range |
| 3:33 | Build | Market |
| 3:34 | Build | Market |
| 3:35 | Build | Market |
| 3:36 | Build | Market |
| 3:37 | Build | Market |
| 3:38 | Build | Market |
| 3:38 | Build | Market |
| 3:39 | Build | Market |
| 3:40 | Build | Market |
| 3:41 | Build | Market |
| 3:41 | Build | Market |
| 3:42 | Build | Market |
| 3:43 | Build | Market |
| 3:44 | Build | Market |
| 3:45 | Build | Market |
| 3:46 | Build | Market |
| 3:47 | Build | Market |
| 3:48 | Build | Market |
| 3:48 | Build | Market |
| 3:49 | Build | Market |
| 3:50 | Build | Market |
| 3:50 | Research | Tech None |
| 3:51 | Build | Market |
| 3:52 | Build | Market |
| 3:52 | Build | Market |
| 3:53 | Build | Market |
| 4:01 | Research | Tech None |
| 4:23 | Research | Tech None |
| 4:24 | Build | Mining Camp |
| 4:42 | Build | Market |
| 4:52 | Build | Market |
| 5:01 | Build | House |
| 5:02 | Build | Market |
| 5:11 | Build | House |
| 5:11 | Build | Market |
| 5:23 | Build | House |
| 5:23 | Build | House |
| 6:30 | Research | Tech None |
| 6:30 | Research | Tech None |
| 6:30 | Research | Tech None |
| 6:30 | Research | Tech None |
| 6:30 | Research | Tech None |
| 6:30 | Build | Siege Workshop |
| 6:31 | Build | Siege Workshop |
| 6:31 | Build | Town Center |
| 6:32 | Build | Monastery |
| 6:33 | Build | Town Center |
| 6:33 | Research | Tech None |
| 6:33 | Build | Castle |
| 6:34 | Research | Tech None |
| 6:37 | Research | Tech None |
| 6:51 | Research | Tech None |
| 6:51 | Research | Tech None |
| 6:52 | Research | Tech None |
| 6:52 | Research | Tech None |
| 6:52 | Research | Tech None |
| 7:01 | Research | Tech None |
| 7:01 | Research | Tech None |
| 7:09 | Build | Castle |
| 7:09 | Build | Farm |
| 7:09 | Build | Town Center |
| 7:09 | Research | Tech None |
| 7:33 | Build | Town Center |
| 7:34 | Build | University |
| 7:34 | Research | Tech None |
| 7:46 | Research | Tech None |
| 8:08 | Build | Market |
| 8:08 | Research | Tech None |
| 8:08 | Research | Tech None |
Build order —
First 150 of 2759 actions detected
| 0:01 | Build | Building 7341 |
| 0:01 | Build | Building 7341 |
| 0:26 | Research | Tech None |
| 0:26 | Build | Mill |
| 0:30 | Build | Lumber Camp |
| 0:31 | Build | Lumber Camp |
| 0:32 | Build | Lumber Camp |
| 0:32 | Build | Lumber Camp |
| 0:33 | Build | Lumber Camp |
| 0:33 | Build | Lumber Camp |
| 0:34 | Build | Lumber Camp |
| 0:35 | Build | Lumber Camp |
| 0:36 | Build | Lumber Camp |
| 0:36 | Build | Lumber Camp |
| 0:37 | Build | Lumber Camp |
| 0:38 | Build | Lumber Camp |
| 0:39 | Build | Lumber Camp |
| 0:39 | Build | Lumber Camp |
| 0:40 | Build | Lumber Camp |
| 0:41 | Build | Lumber Camp |
| 0:41 | Build | Lumber Camp |
| 0:42 | Build | Lumber Camp |
| 0:43 | Build | Lumber Camp |
| 0:44 | Build | Lumber Camp |
| 0:44 | Build | Lumber Camp |
| 0:45 | Build | Lumber Camp |
| 0:46 | Build | Lumber Camp |
| 0:46 | Build | Lumber Camp |
| 0:47 | Build | Lumber Camp |
| 0:48 | Build | Lumber Camp |
| 0:49 | Build | Lumber Camp |
| 0:49 | Build | Lumber Camp |
| 0:50 | Build | Lumber Camp |
| 0:51 | Build | Lumber Camp |
| 0:52 | Build | Lumber Camp |
| 0:52 | Build | Lumber Camp |
| 0:53 | Build | Lumber Camp |
| 0:55 | Build | Lumber Camp |
| 0:55 | Build | Lumber Camp |
| 0:56 | Build | Lumber Camp |
| 0:56 | Build | Lumber Camp |
| 0:57 | Build | Lumber Camp |
| 0:57 | Build | Lumber Camp |
| 0:58 | Build | Lumber Camp |
| 0:58 | Build | Lumber Camp |
| 0:59 | Build | Lumber Camp |
| 1:00 | Build | Lumber Camp |
| 1:01 | Build | Lumber Camp |
| 1:01 | Build | Lumber Camp |
| 1:10 | Research | Tech None |
| 1:16 | Research | Tech None |
| 1:27 | Build | Lumber Camp |
| 1:27 | Build | Barracks |
| 1:42 | Build | House |
| 1:43 | Build | House |
| 1:43 | Build | House |
| 1:44 | Build | House |
| 1:44 | Build | House |
| 1:44 | Build | House |
| 1:48 | Build | Barracks |
| 1:54 | Research | Tech None |
| 1:54 | Research | Tech None |
| 1:55 | Research | Tech None |
| 1:56 | Research | Tech None |
| 2:01 | Research | Tech None |
| 2:02 | Research | Tech None |
| 2:03 | Research | Tech None |
| 2:07 | Research | Tech None |
| 2:08 | Build | Barracks |
| 2:08 | Build | Barracks |
| 2:28 | Research | Tech None |
| 2:28 | Research | Tech None |
| 2:29 | Build | Barracks |
| 2:29 | Build | Barracks |
| 2:29 | Build | Barracks |
| 2:33 | Build | House |
| 2:36 | Build | Barracks |
| 2:40 | Build | Barracks |
| 2:44 | Build | House |
| 2:45 | Build | House |
| 2:55 | Build | House |
| 2:57 | Build | House |
| 3:06 | Build | House |
| 3:20 | Research | Tech None |
| 3:20 | Build | Market |
| 3:20 | Research | Tech None |
| 3:21 | Research | Tech None |
| 3:26 | Build | Blacksmith |
| 3:26 | Build | Blacksmith |
| 3:30 | Build | Archery Range |
| 3:43 | Build | Archery Range |
| 3:50 | Research | Tech None |
| 4:02 | Build | Mining Camp |
| 4:44 | Research | Tech None |
| 4:50 | Research | Tech None |
| 4:52 | Research | Tech None |
| 5:15 | Build | Market |
| 5:24 | Build | Market |
| 5:26 | Build | Market |
| 6:40 | Build | Barracks |
| 6:51 | Research | Tech None |
| 6:51 | Research | Tech None |
| 6:51 | Research | Tech None |
| 6:51 | Research | Tech None |
| 6:51 | Research | Tech None |
| 6:51 | Build | Siege Workshop |
| 6:51 | Build | Siege Workshop |
| 6:52 | Build | Town Center |
| 6:52 | Build | Monastery |
| 6:53 | Build | Town Center |
| 6:54 | Research | Tech None |
| 6:54 | Build | Castle |
| 6:55 | Research | Tech None |
| 7:07 | Research | Tech None |
| 7:12 | Research | Tech None |
| 7:13 | Research | Tech None |
| 7:13 | Research | Tech None |
| 7:13 | Research | Tech None |
| 7:13 | Research | Tech None |
| 7:13 | Research | Tech None |
| 7:23 | Research | Tech None |
| 7:24 | Research | Tech None |
| 7:27 | Build | Castle |
| 7:28 | Build | Stable |
| 7:28 | Build | University |
| 7:28 | Build | Town Center |
| 7:30 | Research | Tech None |
| 7:33 | Research | Tech None |
| 7:57 | Build | Farm |
| 7:57 | Build | Town Center |
| 7:57 | Build | Mining Camp |
| 7:57 | Research | Tech None |
| 8:09 | Research | Tech None |
| 8:20 | Research | Tech None |
| 8:20 | Build | University |
| 8:20 | Build | Mining Camp |
| 8:20 | Build | Lumber Camp |
| 8:20 | Build | Castle |
| 8:20 | Research | Tech None |
| 8:33 | Research | Tech None |
| 8:35 | Build | Stable |
| 8:42 | Build | Stable |
| 8:51 | Research | Tech None |
| 8:52 | Build | Archery Range |
| 9:07 | Build | Archery Range |
| 9:10 | Build | Farm |
| 9:10 | Build | Archery Range |
| 9:11 | Build | Farm |
| 9:11 | Build | Archery Range |
| 9:26 | Build | Farm |
Match timeline
| 1:00 | · first_building Barracks |
| 1:27 | · first_building Barracks |
| 3:21 | · first_building Archery Range |
| 3:30 | · first_building Archery Range |
| 6:26 | Glory · age_up feudal |
| 6:30 | · first_building Siege Workshop |
| 6:32 | · first_building Monastery |
| 6:33 | · first_building Castle |
| 6:41 | · first_building Barracks |
| 6:51 | · first_building Siege Workshop |
| 6:52 | · first_building Monastery |
| 6:54 | · first_building Castle |
| 7:21 | ξ Draconis · age_up feudal |
| 7:28 | · first_building Stable |
| 7:46 | Rebar · age_up feudal |
| 7:50 | Gorton Eising · age_up feudal |
| 8:02 | · first_building Archery Range |
| 8:33 | · first_market_buy 100 wood |
| 8:49 | Onnozel Trien · age_up feudal |
| 10:01 | Glory · age_up castle |
| 10:03 | Glory · first_building Monastery |
| 10:06 | ξ Draconis · age_up castle |
| 10:15 | · first_market_buy 100 wood |
| 10:46 | Gorton Eising · age_up castle |
| 10:50 | · first_building Siege Workshop |
| 11:08 | Rebar · first_market_sell 100 food |
| 11:15 | Gorton Eising · first_building Monastery |
| 11:16 | Onnozel Trien · wall_segment Stone Wall x34 |
| 11:46 | Onnozel Trien · first_market_buy 100 food |
| 13:26 | · first_building Monastery |
| 13:30 | Rebar · age_up castle |
| 13:42 | Onnozel Trien · first_market_sell 100 wood |
| 13:46 | Glory · first_market_buy 100 food |
| 14:04 | ξ Draconis · first_building Monastery |
| 14:59 | Rebar · first_building Monastery |
| 15:59 | · first_market_sell 100 wood |
| 16:06 | Onnozel Trien · age_up castle |
| 16:26 | Onnozel Trien · first_building Monastery |
| 16:30 | Gorton Eising · first_market_buy 100 stone |
| 17:00 | · first_building Castle |
| 18:42 | · first_building Stable |
| 19:24 | ξ Draconis · wall_segment Stone Wall x31 |
| 19:32 | ξ Draconis · wall_segment Stone Wall x21 |
| 19:33 | ξ Draconis · wall_segment Stone Wall x1 |
| 19:37 | ξ Draconis · wall_segment Stone Wall x4 |
| 19:38 | ξ Draconis · wall_segment Stone Wall x1 |
| 19:56 | · first_market_buy 100 food |
| 19:57 | ξ Draconis · wall_segment Stone Wall x7 |
| 20:03 | ξ Draconis · wall_segment Stone Wall x25 |
| 20:09 | ξ Draconis · wall_segment Stone Wall x8 |
| 20:33 | Onnozel Trien · wall_segment Stone Wall x14 |
| 20:38 | Gorton Eising · wall_segment Stone Wall x20 |
| 20:45 | Gorton Eising · wall_segment Stone Wall x7 |
| 21:35 | · first_market_sell 100 food |
| 21:39 | Rebar · wall_segment Stone Wall x7 |
| 21:42 | Rebar · wall_segment Stone Wall x9 |
| 21:49 | Rebar · wall_segment Stone Wall x20 |
| 22:02 | Gorton Eising · wall_segment Stone Wall x3 |
| 22:09 | Gorton Eising · wall_segment Stone Wall x29 |
| 22:43 | Onnozel Trien · wall_segment Stone Wall x15 |
| 22:51 | · first_market_sell 100 wood |
| 22:52 | ξ Draconis · first_building Barracks |
| 22:54 | Onnozel Trien · wall_segment Stone Wall x7 |
| 23:00 | Onnozel Trien · wall_segment Stone Wall x8 |
| 23:05 | Glory · wall_segment Stone Wall x35 |
| 23:06 | Glory · wall_segment Stone Wall x5 |
| 23:37 | Glory · first_market_sell 100 food |
| 24:17 | Gorton Eising · wall_segment Stone Wall x1 |
| 24:22 | ξ Draconis · wall_segment Stone Wall x6 |
| 24:27 | Gorton Eising · age_up imperial |
| 25:00 | Onnozel Trien · age_up imperial |
| 25:01 | Rebar · first_building Barracks |
| 25:05 | ξ Draconis · age_up imperial |
| 25:16 | Glory · age_up imperial |
| 25:53 | Rebar · age_up imperial |
| 26:29 | ξ Draconis · wall_segment Stone Wall x48 |
| 26:38 | ξ Draconis · wall_segment Stone Wall x27 |
| 26:45 | Onnozel Trien · wall_segment Stone Wall x13 |
| 27:30 | ξ Draconis · first_building Archery Range |
| 27:37 | Rebar · first_building Archery Range |
| 29:32 | Rebar · first_building Castle |
| 29:45 | Rebar · first_building Stable |
| 29:57 | Gorton Eising · first_building Barracks |
| 30:17 | Glory · first_building Barracks |
| 30:46 | Gorton Eising · first_building Stable |
| 30:54 | Glory · first_building Stable |
| 31:08 | Onnozel Trien · first_building Barracks |
| 36:25 | ξ Draconis · first_market_sell 500 wood |
| 37:11 | ξ Draconis · first_market_buy 100 wood |
| 37:46 | Glory · wall_segment Stone Wall x33 |
| 37:47 | Glory · wall_segment Stone Wall x5 |
| 37:49 | Glory · wall_segment Stone Wall x7 |
| 38:33 | Gorton Eising · first_market_sell 500 food |
| 47:24 | Glory · first_building Siege Workshop |
| 49:13 | ξ Draconis · wall_segment Stone Wall x21 |
| 49:23 | ξ Draconis · wall_segment Stone Wall x6 |
| 55:22 | Glory · tribute_sent a jugador 1 |
| 55:22 | Glory · tribute_sent a jugador 2 |
| 55:22 | Glory · tribute_sent a jugador 4 |
| 55:22 | Glory · tribute_sent a jugador 5 |
| 55:22 | Glory · tribute_sent a jugador 6 |
| 55:22 | Glory · tribute_sent a jugador 7 |
| 55:22 | Glory · tribute_sent a jugador 8 |
| 55:22 | Gorton Eising · tribute_sent a jugador 1 |
| 55:22 | Gorton Eising · tribute_sent a jugador 3 |
| 55:22 | Gorton Eising · tribute_sent a jugador 4 |
| 55:22 | Gorton Eising · tribute_sent a jugador 5 |
| 55:22 | Gorton Eising · tribute_sent a jugador 6 |
| 55:22 | Gorton Eising · tribute_sent a jugador 7 |
| 55:22 | Gorton Eising · tribute_sent a jugador 8 |
| 56:00 | Rebar · tribute_sent a jugador 1 |
| 56:00 | Rebar · tribute_sent a jugador 2 |
| 56:00 | Rebar · tribute_sent a jugador 3 |
| 56:00 | Rebar · tribute_sent a jugador 5 |
| 56:00 | Rebar · tribute_sent a jugador 6 |
| 56:00 | Rebar · tribute_sent a jugador 7 |
| 56:00 | Rebar · tribute_sent a jugador 8 |
| 57:52 | Gorton Eising · tribute_sent a jugador 1 |
| 57:52 | Gorton Eising · tribute_sent a jugador 3 |
| 57:52 | Gorton Eising · tribute_sent a jugador 4 |
| 57:52 | Gorton Eising · tribute_sent a jugador 5 |
| 57:52 | Gorton Eising · tribute_sent a jugador 6 |
| 57:52 | Gorton Eising · tribute_sent a jugador 7 |
| 57:52 | Gorton Eising · tribute_sent a jugador 8 |
| 61:59 | Gorton Eising · tribute_sent a jugador 1 |
| 61:59 | Gorton Eising · tribute_sent a jugador 3 |
| 61:59 | Gorton Eising · tribute_sent a jugador 4 |
| 61:59 | Gorton Eising · tribute_sent a jugador 5 |
| 61:59 | Gorton Eising · tribute_sent a jugador 6 |
| 61:59 | Gorton Eising · tribute_sent a jugador 7 |
| 61:59 | Gorton Eising · tribute_sent a jugador 8 |
| 71:46 | ξ Draconis · wall_segment Stone Wall x16 |
| 73:44 | ξ Draconis · first_building Stable |
| 73:47 | ξ Draconis · first_building Siege Workshop |
| 85:46 | ξ Draconis · wall_segment Stone Wall x1 |
| 88:56 | Rebar · wall_segment Stone Wall x5 |
| 112:42 | ξ Draconis · first_building Castle |
| 120:33 | Glory · tribute_sent a jugador 1 |
| 120:33 | Glory · tribute_sent a jugador 2 |
| 120:33 | Glory · tribute_sent a jugador 4 |
| 120:33 | Glory · tribute_sent a jugador 5 |
| 120:33 | Glory · tribute_sent a jugador 6 |
| 120:33 | Glory · tribute_sent a jugador 7 |
| 120:33 | Glory · tribute_sent a jugador 8 |
[ AI ANALYSIS · 1 CREDIT ]
What really happened in this match?
Wolo.gg analyzes every decision: build order, eco, micro, common mistakes by bracket. Personalized analysis on WhatsApp or Discord in 30 seconds.
Civ guide
Chinese
Map guide
MBA Michi - Gaia Containment (Custom)
Perfil
ξ Draconis